 Dungeon Crawl Stone Soup version 0.26.1 (webtiles) character file.

Game seed: 8002656058518502388

49 Gauvater the Skirmisher (level 3, -3/33 HPs)
             Began as a Palentonga Fighter on Feb 4, 2021.
             Slain by an adder (4 damage)
             ... on level 2 of the Dungeon on Feb 5, 2021.
             The game lasted 00:05:54 (1401 turns).

Gauvater the Skirmisher (Palentonga Fighter)        Turns: 1401, Time: 00:05:55

Health: -3/33      AC:  7    Str: 20    XL:     3   Next: 53%
Magic:  3/3        EV:  5    Int:  8    God:
Gold:   19         SH:  9    Dex:  9    Spells: 2/2 levels left

rFire    . . .     SeeInvis +   a - +0 war axe
rCold    . . .     Faith    .   c - +0 kite shield
rNeg     . . .     Spirit   .   b - +0 scale mail
rPois    .         Reflect  .   (no helmet)
rElec    .         Harm     .   l - +0 cloak
rCorr    .         Rampage  .   (no gloves)
Will     .....                  (no barding)
Stlth    ..........             (no amulet)
HPRegen  0.11/turn              (no ring)
MPRegen  0.08/turn              (no ring)

@: invisible
A: large, rugged brown scales 3, see invisible, deformed body, roll 1, armoured
tail
a: Rolling Charge


You were on level 2 of the Dungeon.
You visited 1 branch of the dungeon, and saw 2 of its levels.

You collected 19 gold pieces.

Inventory:

Hand Weapons
 a - a +0 war axe (weapon)
Missiles
 j - 16 arrows
Armour
 b - a +0 scale mail (worn)
 c - a +0 kite shield (worn)
 l - a +0 cloak (worn)
Jewellery
 f - an uncursed amulet of faith {unknown}
Scrolls
 e - 2 scrolls of immolation {unknown}
 g - a scroll of identify {unknown}
 h - a scroll of teleportation {unknown}
 i - a scroll of enchant armour {unknown}
Potions
 d - 2 potions of might


   Skills:
 + Level 3.2 Fighting
 + Level 2.4 Axes
 + Level 2.8 Armour
 + Level 0.2 Dodging
 + Level 2.9 Shields


You had 2 spell levels left.
You didn't know any spells.
Your spell library was empty.

Dungeon Overview and Level Annotations

Branches:
Dungeon (2/15)

Altars:


Innate Abilities, Weirdness & Mutations

You are completely covered in rugged brown scales. (AC +3, +7% HP)
You have supernaturally acute eyesight. (SInv)
Armour fits poorly on your strangely shaped body.
You can roll at nearby foes to attack.
You have a long armoured tail.


Message History

The adder bites you but does no damage. You block the goblin's attack.
The adder bites you.
You miss the adder.
Your tail-slap misses the adder.
The adder bites you but does no damage. x2
You closely miss the adder. You block the adder's attack. x2
You closely miss the adder. The adder bites you.
* * * LOW HITPOINT WARNING * * *
You closely miss the adder. You block the adder's attack. x2
You closely miss the adder. The adder barely misses you.
The adder closely misses you.
You miss the adder.
Your tail-slap misses the adder.
The adder barely misses you. You block the adder's attack.
You miss the adder. The adder bites you.
* * * LOW HITPOINT WARNING * * *
The adder bites you.
* * * LOW HITPOINT WARNING * * *
It was a potion of invisibility.
You fade into invisibility!
The adder bites you.
You die...

####
###################
#...
..........).......#
#.##
#.......#########.###.#
..#####...............#
#@#########.##### #S##
#.# #gK# #.#
#######w##########
......†l.......
#...#....####.. #.
#....# #....######
##.......$#


You could see a worm, an adder, a leopard gecko, a goblin and a kobold.

Vanquished Creatures
  An ooze (D:1)
  2 dart slugs
  2 leopard geckos
  7 giant cockroaches
  4 goblins
  3 hobgoblins
  A quokka (D:2)
  5 bats
  A frilled lizard (D:1)
  5 kobolds
  3 rats
34 creatures vanquished.

Notes
Turn   | Place    | Note
-------+----------+-------------------------------------------
     0 | D:1      | Gauvater the Palentonga Fighter began the quest for the
                  | Orb.
     0 | D:1      | Reached XP level 1. HP: 20/20 MP: 1/1
   224 | D:1      | Reached XP level 2. HP: 27/27 MP: 2/2
   726 | D:1      | Reached XP level 3. HP: 31/33 MP: 3/3
  1400 | D:2      | HP: 1/33 [adder (4)]
  1401 | D:2      | Slain by an adder

Illustrated notes

Levels and vault maps discovered:
D:1:      dpeg_arrival_rooms_a, layout_basic
D:2:      minmay_recursive_quarters, layout_loops_ring

Action                   || total
-------------------------++-------
Melee: War axe           ||   113
       Tailslap          ||     8
 Abil: Rolling Charge    ||     9
  Use: Potion            ||     2
Armor: Scale mail        ||    70
Dodge: Dodged            ||    28
Block: Kite shield       ||    78
